 Dungeon Crawl Stone Soup version 0.29-a0-284-gf9362112df (webtiles) character file.

Game seed: 5053989900652202660

12467 Zonian the Frost Mage (level 11, -2/47 HPs)
             Began as a Vine Stalker Ice Elementalist on Mar 24, 2022.
             Was a Follower of Dithmenos.
             Succumbed to a cane toad's poison
             ... on level 2 of the Lair of Beasts.
             The game lasted 00:49:05 (16614 turns).

Zonian the Frost Mage (VSIE)                       Turns: 16614, Time: 00:49:06

Health: -2/47      AC:  6    Str: 11    XL:     11   Next: 93%
Magic:  4/25       EV: 16    Int: 19    God:    Dithmenos [*.....]
Gold:   346        SH:  0    Dex: 15    Spells: 14/28 levels left

rFire   . . .      SeeInvis .   h - +5 hunting sling (flame)
rCold   . . .      Faith    .   (no shield)
rNeg    . . .      Spirit   +   z - +0 robe "Omehux" {Slay+2}
rPois   .          Reflect  .   c - +1 helmet
rElec   .          Harm     .   u - +0 cloak
rCorr   .          Rampage  .   (no gloves)
Will    +....                   D - +0 pair of boots
Stlth   +++.......              y - amulet of the acrobat
HPRegen 0.95/turn               (no ring)
MPRegen 0.19/turn               (no ring)

@: lethally poisoned (-2 -> -14), freezing walls, wreathed by umbra
A: fangs 3, regeneration 1, magic shield, antimagic bite, no potion heal 2
a: Renounce Religion


You were on level 2 of the Lair of Beasts.
You worshipped Dithmenos.
Dithmenos was aware of your devotion.
You visited 3 branches of the dungeon, and saw 11 of its levels.

You collected 431 gold pieces.
You spent 85 gold pieces at shops.

Inventory:

Hand Weapons
 b - a +5 battleaxe
 f - a +0 short sword
 h - a +5 hunting sling of flaming (weapon)
 j - a +0 short sword
 l - a +2 vorpal glaive
 m - a +8 spear of freezing
 s - a +1 dagger of holy wrath
 t - a +0 rapier
 w - a +1 dagger of speed
 F - a +0 dagger of venom
 H - a +2 dagger of draining
 I - a +3 short sword of flaming
Missiles
 i - 17 poisoned darts
 v - 2 boomerangs of dispersal
 J - 2 throwing nets
Armour
 a - a +0 robe
 c - a +1 helmet (worn)
 n - a +1 robe of willpower
 u - a +0 cloak (worn)
 z - the +0 robe "Omehux" (worn) {Slay+2}
   (You found it on level 6 of the Dungeon)

   Slay:      It affects your accuracy & damage with ranged weapons and melee
   (+2).
 C - a +2 leather armour of poison resistance
 D - a +0 pair of boots (worn)
Jewellery
 d - an amulet of reflection
 g - an amulet of faith
 y - an amulet of the acrobat (around neck)
 N - a ring of flight
Wands
 x - a wand of mindburst (6)
 E - a wand of charming (5)
 G - a wand of flame (11)
 K - a wand of digging (3)
 L - a wand of acid (1)
Scrolls
 k - a scroll of holy word
 r - a scroll of fog
 O - 3 scrolls of teleportation
Potions
 o - 2 potions of heal wounds
 q - a potion of brilliance
 B - a potion of flight {unknown}


   Skills:
 + Level 3.1 Polearms
 + Level 7.7 Slings
 + Level 7.7 Dodging
 - Level 2.8 Stealth
 + Level 9.2 Spellcasting
 + Level 5.3 Conjurations
 + Level 9.8 Ice Magic


You had 14 spell levels left.
You knew the following spells:

 Your Spells              Type           Power      Damage    Failure   Level
a - Freeze                Ice            100%       1d11      1%          1
b - Frozen Ramparts       Ice            92%        1d11      1%          3
c - Ozocubu's Armour      Ice            46%        N/A       1%          3
d - Hailstorm             Conj/Ice       37%        3d9       3%          4
e - Searing Ray           Conj           56%        2d6       1%          2
f - Magic Dart            Conj           100%       1d8       1%          1

Your spell library contained the following spells:

 Spells                   Type           Power      Damage    Failure   Level
 Confusing Touch          Hex            8%         N/A       24%         3
 Fulminant Prism          Conj/Hex       9%         3d7       26%         4
 Animate Dead             Necr           4%         N/A       63%         4
 Passage of Golubria      Tloc           8%         N/A       63%         4
 Silence                  Hex/Air        4%         N/A       92%         5
 Yara's Violent Unravell  Hex/Tmut       4%         3d4       92%         5
 Enfeeble                 Hex            4%         N/A       100%        7
 Haunt                    Necr/Summ      4%         N/A       100%        7
 Infestation              Necr           4%         N/A       100%        8
 Lehudib's Crystal Spear  Conj/Erth      9%         10d4      100%        8


Dungeon Overview and Level Annotations

Branches:
Dungeon (8/15)             Temple (1/1) D:7            Lair (2/6) D:8
 Spider (0/4) Lair:2
  Swamp: Lair:2-4    Shoals: Lair:2-4

Altars:
Ashenzari
Cheibriados
Dithmenos
Elyvilon
Fedhas
Gozag
Hepliaklqana
Kikubaaqudgha
Makhleb
Nemelex Xobeh
Okawaru
Qazlal
Ru
Sif Muna
Trog
Uskayaw
Vehumet
Wu Jian
Xom
Yredelemnul
Zin
The Shining One

Shops:
D:1 :   D:4 [

Annotations:
D:4 3 runed translucent doors, jlumianski's ghost, novice DsFi


Innate Abilities, Weirdness & Mutations

You have razor-sharp teeth.
Your natural rate of healing is unusually fast.
When hurt, damage is shared between your health and your magic reserves.
Your bite disrupts and absorbs the magic of your enemies.
Potions cannot restore your health.


Message History

You shoot a sling bullet. The sling bullet hits the cane toad.
The sling bullet burns the cane toad.
The cane toad is moderately wounded.
The cane toad stings you!
You are poisoned.
The cane toad poisons you!
You shoot a sling bullet. The sling bullet hits the cane toad.
The sling bullet burns the cane toad.
The cane toad is moderately wounded.
You feel extremely sick. The cane toad stings you!
You are lethally poisoned!
The cane toad poisons you! The cane toad closely misses you.
Okay, then.
Casting: Frozen Ramparts (safe; 1% risk of failure)
Confirm with . or Enter, or press ? or * to list all spells.
Casting: Frozen Ramparts (safe; 1% risk of failure)
Press: ? - help, Dir - look around, f - activate This square is wreathed by an umbra.
The walls around you are covered in ice.
You feel extremely sick.
The wall freezes the cane toad!
The cane toad seems to slow down.
The cane toad stings you!
* * * LOW HITPOINT WARNING * * *
Aiming: Corrosive Bolt
Press: ? - help, Shift-Dir - straight line, f - cane toad
Aim: a cane toad (heavily wounded, slow, umbra, 75% to hit)
The bolt of acid hits the cane toad!
The acid corrodes the cane toad!
The cane toad is severely wounded.
* * * LOW HITPOINT WARNING * * *
You feel very sick.
The wall freezes the cane toad!
The cane toad misses you.
A redback comes into view.
Aiming: Corrosive Bolt
Press: ? - help, Shift-Dir - straight line, f/p - cane toad
Aim: a cane toad (almost dead, slow, covered in acid, umbra, 75% to hit)
The bolt of acid hits the cane toad!
You kill the cane toad!
Dithmenos accepts your kill.
You die...

(.(.....≈≈≈≈≈≈≈≈.#.####.#,,,,,,,,
.......≈.≈≈≈≈≈≈.÷.## *##***,,,,*
..(..##...≈≈≈≈≈≈.## ****,,,,,
#....#*..>.≈≈≈≈≈.## *****,*,,,,,,
#....#,,,..≈≈≈≈≈..# *,,,,,,,,,,,*
#...<#*,,.≈≈≈≈≈≈..# *,,,*,**,,,,,
.....#*,,..≈≈≈≈...# ***+****,,,,*
......#**#≈≈≈..≈.## **,****,,,,*
.....#.#,.≈P.#..@#* *,,**,,,,,,,
................†.#****,*,,,,,,,,
....................,,,,,,,,,,,,,
.....................>,,,,,,,,,,,
#......,......>......##,,,,,,,,,,
......#.##.#........##**,,*,,,,,,
*,,,,****#..#.....#..**,,**,,,,,,
,,,,,**,,,........s...,,,,,,,,,,,
,,,,,,*,,,,,*,,,,,,,,^,,,,,,,,,,,


You could see a redback.

Vanquished Creatures
  A boulder beetle (D:8)
  2 death yaks (Lair:1)
  A cyclops (D:8)
  A torpor snail (Lair:1)
  3 black mambas
  4 cane toads (Lair:2)
  3 komodo dragons
  A polar bear (Lair:1)
  13 yaks
  2 wyverns (Lair:2)
  A redback (Lair:2)
  Menkaure (D:7)
  An acid dragon (D:7)
  10 water moccasins
  2 orc warriors
  3 ice beasts
  A sky beast (D:6)
  3 black bears
  2 ogres (D:5)
  A centaur (D:8)
  2 phantoms (D:5)
  A kobold brigand (D:7)
  A gnoll sergeant (D:6)
  Blork the orc (D:4)
  12 bullfrogs
  6 scorpions
  8 wights
  A howler monkey (D:8)
  An electric eel (Lair:2)
  2 jellies
  4 hounds
  2 orc priests
  3 gnoll shamans
  3 iguanas
  Natasha (twice) (D:2)
  An orc wizard (D:7)
  5 adders
  17 gnolls
  A river rat (D:8)
  A shadow imp (D:8)
  A white imp (D:7)
  An ufetubus (D:4)
  A dart slug (D:1)
  14 orcs
  7 ball pythons
  8 endoplasms
  3 giant cockroaches (D:2)
  4 goblins
  9 hobgoblins
  15 kobolds
  6 quokkas
  5 bats
  5 frilled lizards
  4 rats
213 creatures vanquished.

Vanquished Creatures (others)
  13 fungi
  12 plants
25 creatures vanquished.

Grand Total: 238 creatures vanquished

Notes
Turn   | Place    | Note
-------+----------+-------------------------------------------
     0 | D:1      | Zonian the Vine Stalker Ice Elementalist began the quest
                  | for the Orb.
     0 | D:1      | Reached XP level 1. HP: 9/9 MP: 4/4
   322 | D:1      | Reached XP level 2. HP: 13/13 MP: 1/6
   762 | D:1      | Found Qicwal's Book Shop.
  1187 | D:2      | Reached XP level 3. HP: 16/16 MP: 4/7
  2102 | D:2      | Noticed Natasha
  2108 | D:2      | Killed Natasha
  2109 | D:2      | Gained mutation: Your natural rate of healing is unusually
                  | fast. [Vine Stalker growth]
  2109 | D:2      | Reached XP level 4. HP: 15/21 MP: 5/9
  2122 | D:2      | Noticed Natasha
  2128 | D:2      | Killed Natasha
  2842 | D:3      | Found an opulent altar of Gozag.
  3201 | D:3      | Learned a level 3 spell: Frozen Ramparts
  3205 | D:3      | Learned a level 3 spell: Ozocubu's Armour
  3225 | D:3      | Reached XP level 5. HP: 24/24 MP: 10/10
  3682 | D:4      | Found Patsexta's Antique Armour Shop.
  3692 | D:4      | Bought an embroidered robe for 85 gold pieces
  3738 | D:4      | Reached skill level 1 in Slings
  3848 | D:4      | Noticed Blork the orc
  3908 | D:4      | Found a runed translucent gate.
  3908 | D:4      | Found a runed translucent gate.
  3909 | D:4      | Found a runed translucent gate.
  3910 | D:4      | Found an opulent altar of Gozag.
  3911 | D:4      | Noticed a hornet
  3912 | D:4      | Noticed jlumianski's ghost (novice DsFi)
  4097 | D:4      | Killed Blork the orc
  4098 | D:4      | Reached skill level 5 in Ice Magic
  4098 | D:4      | Reached XP level 6. HP: 28/28 MP: 7/12
  4393 | D:5      | Entered Level 5 of the Dungeon
  4584 | D:5      | Noticed an orc warrior
  4588 | D:5      | Killed an orc warrior
  4918 | D:5      | Reached XP level 7. HP: 32/32 MP: 14/14
  5672 | D:5      | Noticed a yak
  5672 | D:5      | Noticed a yak
  5672 | D:5      | Noticed a yak
  5672 | D:5      | Noticed a yak
  5673 | D:5      | Noticed a yak
  6024 | D:5      | Learned a level 4 spell: Hailstorm
  6117 | D:5      | Reached skill level 5 in Spellcasting
  6117 | D:5      | Gained mutation: You have razor-sharp teeth. [Vine Stalker
                  | growth]
  6117 | D:5      | Reached XP level 8. HP: 36/36 MP: 16/16
  6203 | D:5      | Killed a yak
  6208 | D:5      | Killed a yak
  6210 | D:5      | Killed a yak
  6211 | D:5      | Killed a yak
  6212 | D:5      | Killed a yak
  6451 | D:5      | Reached skill level 5 in Dodging
  6451 | D:5      | Reached XP level 9. HP: 38/39 MP: 16/19
  7140 | D:6      | Reached skill level 5 in Slings
  7152 | D:6      | Identified the +0 robe "Omehux" {Slay+2}
  7754 | D:7      | Found a white marble altar of Elyvilon.
  8284 | D:7      | Noticed Menkaure
  8289 | D:7      | Killed Menkaure
  8301 | D:7      | Reached XP level 10. HP: 44/44 MP: 16/21
  9070 | D:8      | Noticed a cyclops
  9071 | D:8      | Noticed a boulder beetle
 11339 | D:8      | Reached skill level 1 in Conjurations
 11377 | D:8      | Killed a cyclops
 11440 | D:8      | Killed a boulder beetle
 11652 | D:8      | Noticed a death yak
 11653 | D:8      | Found a staircase to the Lair.
 12554 | D:7      | Found a staircase to the Ecumenical Temple.
 12621 | Temple   | Entered the Ecumenical Temple
 12743 | Temple   | Became a worshipper of Dithmenos the Shadowed
 12804 | D:8      | Noticed a death yak
 12961 | D:8      | Noticed a death yak
 13150 | Lair:1   | Entered Level 1 of the Lair of Beasts
 13150 | Lair:1   | Noticed a torpor snail
 13164 | Lair:1   | Noticed a death yak
 13165 | Lair:1   | Noticed a death yak
 13473 | Lair:1   | Killed a torpor snail
 13679 | Lair:1   | Learned a level 2 spell: Searing Ray
 13681 | Lair:1   | Learned a level 1 spell: Magic Dart
 13734 | Lair:1   | Reached XP level 11. HP: 47/47 MP: 22/24
 14087 | Lair:1   | Killed a death yak
 14088 | Lair:1   | Reached skill level 1 in Polearms
 14437 | Lair:1   | Killed a death yak
 15158 | Lair:2   | Reached * piety under Dithmenos
 15587 | Lair:2   | Reached skill level 5 in Conjurations
 16613 | Lair:2   | HP: 1/47 [poisoned by a cane toad]
 16614 | Lair:2   | Succumbed to a cane toad's poison

Illustrated notes

Levels and vault maps discovered:
D:1:      amcnicky_arrival_feature_with_door, layout_basic, serial_shops, shop,
          minmay_tree_intersection, chequers_serial_rivers_small_a
D:2:      layout_loops_corners, uniq_natasha
D:3:      layout_basic, grunt_gozag_statues
D:4:      layout_rooms, serial_shops, shop, ebering_ghost_gozag,
          hangedman_decor_riveting, corexii_hall_statues_t,
          amcnicky_mini_pool_small, minmay_misc_feat_x, uniq_blork_the_orc
D:5:      layout_basic
D:6:      layout_loops_cross, st_stairs_10, roderic_st_hans_cross
D:7:      minmay_recursive_quarters, layout_loops_cross, elyvilon_altar_3,
          minmay_temple_entry_poolview, uniq_menkaure
D:8:      layout_loops_corners, dpeg_lair_monsters, minmay_chambers_of_fives
Temple:   regret_index_temple_chain_breaker
Lair:1:   layout_misc_corridors, grunt_megastairs_1
Lair:2:   layout_regular_city, spider_nest_entry_webs, beast_lair_carwin_5,
          lemuel_fruit_tree, lemuel_fruit_fields, infiniplex_staircase_pool

Skill      XL: |  1  2  3  4  5  6  7  8  9 10 11 |
---------------+----------------------------------+-----
Dodging        | 2 3 4 5 6 7 |  7.7
Spellcasting   | 3 4 5 6 7 8 9 |  9.2
Slings         | 1 2 3 4 5 6 7 |  7.7
Ice Magic      | 5 6 7 8 9 |  9.8
Conjurations   | 3 5 |  5.3
Polearms       | 3 |  3.1
Stealth        | |  2.8

Action                   |  1- 3 |  4- 6 |  7- 9 | 10-12 || total
-------------------------+-------+-------+-------+-------++-------
Melee: Unarmed           |    10 |       |       |       ||    10
       Bite              |     5 |     2 |     7 |    40 ||    54
       Short sword       |    13 |       |       |       ||    13
       Punch             |     2 |       |       |     5 ||     7
       Spear             |       |     9 |    28 |   104 ||   141
       Dagger            |       |       |       |     4 ||     4
 Fire: Hunting sling     |    31 |    86 |   256 |   179 ||   552
Throw: Boomerang         |       |       |       |     1 ||     1
 Cast: Freeze            |    28 |     4 |     9 |     3 ||    44
       Frozen Ramparts   |       |     1 |     6 |    23 ||    30
       Ozocubu's Armour  |       |       |     3 |     8 ||    11
       Searing Ray       |       |       |       |     6 ||     6
       Magic Dart        |       |       |       |     1 ||     1
       Hailstorm         |       |       |       |     1 ||     1
Evoke: Wand              |       |       |       |     6 ||     6
  Use: Scroll            |       |    12 |     6 |    12 ||    30
       Potion            |       |     1 |     2 |     3 ||     6
 Stab: Sleeping          |     2 |     1 |     1 |     2 ||     6
Armor: Robe              |     6 |     7 |    39 |    37 ||    89
Dodge: Dodged            |    27 |    21 |    96 |   138 ||   282
Block: Other             |     9 |    14 |    36 |    23 ||    82
       Reflection        |       |     2 |       |     2 ||     4

Table legend: (Time is in decaauts)
 A = Elapsed time spent in this place.
 B = Non-inter-level travel time spent in this place.
 C = Inter-level travel time spent in this place.
 D = Time resting spent in this place.
 E = Time spent auto-exploring this place.
 F = Levels seen in this place.
 G = Mean time per level.
                   A        B        C        D        E       F      G
               +--------+--------+--------+--------+--------+-----+--------+
         Total |  16815 |  15583 |   1232 |   6288 |   5202 |  11 | 1528.6 |
       Dungeon |  13199 |  11997 |   1202 |   4169 |   4818 |   8 | 1649.9 |
        Temple |    137 |    122 |     15 |      0 |     93 |   1 |  137.0 |
          Lair |   3478 |   3464 |     14 |   2119 |    291 |   2 | 1739.0 |
               +--------+--------+--------+--------+--------+-----+--------+

Top non-repeatable levels by time:
     D:7: 3089 daAuts
     D:5: 2480 daAuts
     D:8: 1893 daAuts
  Lair:1: 1860 daAuts
     D:2: 1681 daAuts
  Lair:2: 1618 daAuts
     D:1: 1185 daAuts
     D:6: 1096 daAuts
     D:4: 1089 daAuts
     D:3: 684 daAuts
  Temple: 137 daAuts
